 Dungeon Crawl Stone Soup version 0.31-a0-360-gb3e1d13bf4 (webtiles) character file.

Game seed: 13593913563711640777

363 cforsyth the Charlatan (level 6, 0/47 HPs)
             Began as a Gnoll Artificer on July 26, 2023.
             Slain by a white imp (5 damage)
             ... on level 4 of the Dungeon.
             The game lasted 00:08:14 (5554 turns).

cforsyth the Charlatan (Gnoll Artificer)            Turns: 5554, Time: 00:08:14

Health: 0/47       AC:  6    Str: 11      XL:     6   Next: 67%
Magic:  9/9        EV: 13    Int: 12      God:
Gold:   296        SH:  0    Dex: 17 (19) Spells: 9/9 levels left

rFire   . . .        a - +5 trident
rCold   . . .        (no shield)
rNeg    . . .        j - +0 leather armour
rPois   .            (no helmet)
rElec   .            h - +0 cloak
rCorr   .            (no gloves)
SInv    +            n - +0 pair of boots
Will    .....        (no amulet)
Stlth   ++           l - ring of see invisible
HPRegen 0.27/turn    x - +6 ring of dexterity
MPRegen 0.11/turn

%: no passive effects
@: about to teleport
A: fangs 1, strong nose, distributed training
a: no special abilities


You were on level 4 of the Dungeon.
You visited 1 branch of the dungeon, and saw 4 of its levels.

You collected 296 gold pieces.

Inventory:

Hand Weapons
 a - a +5 trident (weapon)
 b - a +0 arbalest
 w - a +0 club
Armour
 h - a +0 cloak (worn)
 j - a +0 leather armour (worn)
 n - a +0 pair of boots (worn)
Magical Staves
 G - the staff of the Hidden Vale {rElec rN+ rCorr Fire Air}
   (You found it on level 4 of the Dungeon)

   [staff of air]

   Base accuracy: +5 Base damage: 5 Base attack delay: 1.2 This weapon's minimum
   attack delay (0.6) is reached at skill level 12.
   rElec:     It insulates you from electricity.
   rN:        It protects you from negative energy.
   rCorr:     It protects you from acid and corrosion.
   Fire:      It increases the power of your Fire spells.
   Air:       It increases the power of your Air spells.
   It falls into the 'Staves' category.
   It is a one-handed weapon.
Jewellery
 l - a ring of see invisible (left hand)
 x - a +6 ring of dexterity (right hand)
 y - a ring of willpower
 C - a ring of positive energy
 E - the ring of Okawaru's Fury {rElec rF+++ Will- MP+9 EV+5 Int-3}
   (You found it on level 4 of the Dungeon)

   [ring of evasion]

   EV:        It affects your evasion (+5).
   Int:       It affects your intelligence (-3).
   rF:        It renders you almost immune to fire.
   rElec:     It insulates you from electricity.
   MP:        It affects your magic capacity (+9).
   Will:      It decreases your willpower.
Wands
 c - a wand of flame (4) (quivered)
 d - a wand of charming (15)
 e - a wand of iceblast (5)
Scrolls
 f - 2 scrolls of teleportation
 g - 2 scrolls of identify
 o - 2 scrolls of brand weapon {unknown}
 p - a scroll of poison {unknown}
 t - a scroll of torment {unknown}
 u - a scroll of revelation {unknown}
 z - 2 scrolls of amnesia {unknown}
 A - a scroll of immolation {unknown}
 B - a scroll of vulnerability {unknown}
Potions
 i - a potion of brilliance {unknown}
 k - a potion of resistance {unknown}
 m - 2 potions of enlightenment {unknown}
 q - 2 potions of curing
 r - 3 potions of attraction
 s - a potion of degeneration {unknown}
 v - a potion of lignification {unknown}
 D - a potion of mutation {unknown}
 F - a potion of heal wounds {unknown}


   Skills:
 + Level 3.3 Fighting
 + Level 2.1 Short Blades
 + Level 2.1 Long Blades
 + Level 2.1 Axes
 + Level 2.1 Maces & Flails
 + Level 2.1 Polearms
 + Level 2.1 Staves
 + Level 2.1 Ranged Weapons
 + Level 2.1 Throwing
 + Level 5.0 Armour
 + Level 3.3 Dodging
 + Level 3.2 Stealth
 + Level 2.1 Shields
 + Level 2.1 Unarmed Combat
 + Level 2.1 Spellcasting
 + Level 1.6 Conjurations
 + Level 1.6 Hexes
 + Level 1.6 Summonings
 + Level 1.6 Necromancy
 + Level 1.6 Translocations
 + Level 1.6 Transmutations
 + Level 1.6 Fire Magic
 + Level 1.6 Ice Magic
 + Level 1.6 Air Magic
 + Level 1.6 Earth Magic
 + Level 1.6 Poison Magic
 + Level 2.3 Invocations
 + Level 6.9 Evocations
 + Level 1.6 Shapeshifting


You had 9 spell levels left.
You didn't know any spells.
Your spell library contained the following spells:

 Spells                   Type           Power      Damage    Failure   Level
 Portal Projectile        Hex/Tloc       10%        N/A       45%         3
 Tukima's Dance           Hex            5%         N/A       45%         3
 Animate Armour           Summ/Erth      10%        N/A       86%         4
 Iskenderun's Mystic Bla  Conj/Tloc      5%         2d3       86%         4
 Summon Lightning Spire   Summ/Air       5%         N/A       86%         4
 Lee's Rapid Deconstruct  Erth           2%         3d5*      99%         5


Dungeon Overview and Level Annotations

Branches:
Dungeon (4/15)
 Temple: D:4-7

Altars:
Fedhas
Xom


Innate Abilities, Weirdness & Mutations

You have very sharp teeth.
Your uncanny sense of smell can sniff out nearby items.
Your experience applies equally to all skills.


Message History

The quasit closely misses you.
As you read the scroll labelled FANITS ICIJAP, it crumbles to dust.
It is a scroll of identify.
r - 3 potions of attraction The quasit barely misses you.
The quasit closely misses you. The quasit misses you.
As you read the scroll labelled CIYWORAE BEKHLE, it crumbles to dust.
You feel strangely unstable.
It was a scroll of teleportation.
The quasit bites you.
* * * LOW HITPOINT WARNING * * *
The quasit misses you. The quasit completely misses you. The quasit bites you.
* * * LOW HITPOINT WARNING * * *
You feel clumsy.
The quasit claws you but does no damage.
The quasit barely misses you.
The white imp shouts, "Give up, thou villainous fob-snatching whip-jack!"
The quasit attacks as you move away! The quasit barely misses you.
The quasit claws you but does no damage.
The quasit claws you.
* * * LOW HITPOINT WARNING * * *
You feel clumsy.
Your surroundings suddenly seem different.
A white imp comes into view.
Found 17 gold pieces and 6 stones.
Found a stone staircase leading down.
The white imp shouts!
An ufetubus comes into view.
You closely miss the white imp. The white imp hits you.
* * * LOW HITPOINT WARNING * * *
The white imp freezes you.
* * * LOW HITPOINT WARNING * * *
It was a potion of curing.
You feel better. The white imp gestures at you. The puff of frost hits you!
* * * LOW HITPOINT WARNING * * *
Okay, then.
As you read the scroll of teleportation, it crumbles to dust.
You feel strangely unstable. The white imp hits you.
* * * LOW HITPOINT WARNING * * *
The white imp freezes you.
You die...

.♣.....>...♣♣..
..........P....
.........♣....♣ ~~..#
..♣...(........ ~≈..#
....5.......... ....#
$.............. #...#
......5........ ....##.
#......@.....#.###......
##..........##...#...#
###############.....#
##5#...# #J#5#.# #l#.# #
#.#.# #.55## ##...# #


You could see a white imp and an ufetubus.

Vanquished Creatures
  An orc priest (D:3)
  A quasit (D:4)
  4 orc wizards
  6 adders
  A shadow imp (D:4)
  A white imp (D:3)
  4 ufetubi
  4 worms
  4 dart slugs
  9 orcs
  8 ball pythons
  3 bats
  4 endoplasms
  A giant cockroach (D:3)
  5 goblins
  7 hobgoblins
  8 jackals (D:2)
  5 quokkas
  6 frilled lizards
  7 kobolds
  2 rats
91 creatures vanquished.

Notes
Turn   | Place    | Note
-------+----------+-------------------------------------------
     0 | D:1      | cforsyth the Gnoll Artificer began the quest for the Orb.
     0 | D:1      | Reached XP level 1. HP: 17/17 MP: 1/1
   292 | D:1      | Reached XP level 2. HP: 23/23 MP: 2/2
   872 | D:2      | Reached XP level 3. HP: 26/28 MP: 3/3
   962 | D:2      | Reached skill level 1 in Invocations
  1206 | D:2      | Reached skill level 1 in Short Blades
  1206 | D:2      | Reached skill level 1 in Long Blades
  1206 | D:2      | Reached skill level 1 in Axes
  1206 | D:2      | Reached skill level 1 in Maces & Flails
  1206 | D:2      | Reached skill level 1 in Polearms
  1206 | D:2      | Reached skill level 1 in Staves
  1206 | D:2      | Reached skill level 1 in Ranged Weapons
  1206 | D:2      | Reached skill level 1 in Throwing
  1206 | D:2      | Reached skill level 1 in Shields
  1206 | D:2      | Reached skill level 1 in Unarmed Combat
  1206 | D:2      | Reached skill level 1 in Spellcasting
  1460 | D:2      | Reached XP level 4. HP: 30/34 MP: 5/5
  2715 | D:3      | Reached skill level 1 in Conjurations
  2715 | D:3      | Reached skill level 1 in Hexes
  2715 | D:3      | Reached skill level 1 in Summonings
  2715 | D:3      | Reached skill level 1 in Necromancy
  2715 | D:3      | Reached skill level 1 in Translocations
  2715 | D:3      | Reached skill level 1 in Transmutations
  2715 | D:3      | Reached skill level 1 in Fire Magic
  2715 | D:3      | Reached skill level 1 in Ice Magic
  2715 | D:3      | Reached skill level 1 in Air Magic
  2715 | D:3      | Reached skill level 1 in Earth Magic
  2715 | D:3      | Reached skill level 1 in Poison Magic
  2715 | D:3      | Reached skill level 1 in Shapeshifting
  2873 | D:2      | Reached XP level 5. HP: 11/40 MP: 5/7
  3729 | D:3      | Found a shimmering altar of Xom.
  3730 | D:3      | Found a blossoming altar of Fedhas.
  4021 | D:3      | Found a faded altar of an unknown god.
  5103 | D:3      | Reached XP level 6. HP: 33/47 MP: 8/8
  5182 | D:4      | Reached skill level 5 in Armour
  5452 | D:4      | Identified the ring of Okawaru's Fury {rElec rF+++ Will-
                  | MP+9 EV+5 Int-3}
  5533 | D:4      | Identified the staff of the Hidden Vale {rElec rN+ rCorr
                  | Fire Air}
  5554 | D:4      | Slain by a white imp

Illustrated notes

Levels and vault maps discovered:
D:1:      dpeg_arrival_water_temple_mockup, layout_loops_ring
D:2:      layout_loops_ring
D:3:      layout_loops_ring, mainiacjoe_overflow_catwalk_spiral,
          shapermc_ecumenical_altar_ellora, grunt_ministairs_13,
          minmay_pentangle
D:4:      layout_rooms, serial_demonic, serial_demonic_c, serial_demonic_e,
          serial_demonic_d, serial_demonic_b, serial_demonic_b,
          serial_demonic_f, serial_demonic_f, serial_shops,
          nicolae_shop_statue_plus, uniq_robin

Skill      XL: |  1  2  3  4  5  6 |
---------------+-------------------+-----
Invocations    | 1 2 |  2.3
Short Blades   | 1 2 |  2.1
Long Blades    | 1 2 |  2.1
Axes           | 1 2 |  2.1
Maces & Flails | 1 2 |  2.1
Polearms       | 1 2 |  2.1
Staves         | 1 2 |  2.1
Ranged Weapons | 1 2 |  2.1
Throwing       | 1 2 |  2.1
Shields        | 1 2 |  2.1
Unarmed Combat | 1 2 |  2.1
Spellcasting   | 1 2 |  2.1
Conjurations   | 1 |  1.6
Hexes          | 1 |  1.6
Summonings     | 1 |  1.6
Necromancy     | 1 |  1.6
Translocations | 1 |  1.6
Transmutations | 1 |  1.6
Fire Magic     | 1 |  1.6
Ice Magic      | 1 |  1.6
Air Magic      | 1 |  1.6
Earth Magic    | 1 |  1.6
Poison Magic   | 1 |  1.6
Shapeshifting  | 1 |  1.6
Fighting       | 3 |  3.3
Dodging        | 3 |  3.3
Stealth        | 3 |  3.2
Armour         | 5 |  5.0
Evocations     | |  6.9

Action                     |  1- 3 |  4- 6 || total
---------------------------+-------+-------++-------
  Melee: Club              |    56 |    79 ||   135
         Bite              |     6 |    15 ||    21
         Trident           |       |   128 ||   128
         Punch             |       |     2 ||     2
   Fire: Arbalest          |    67 |    28 ||    95
  Evoke: Wand              |       |    11 ||    11
    Use: Scroll            |       |     3 ||     3
         Potion            |       |     1 ||     1
   Stab: Sleeping          |       |     3 ||     3
 Armour: Leather armour    |    38 |    95 ||   133
  Dodge: Dodged            |   102 |   184 ||   286

Table legend: (Time is in decaauts)
 A = Elapsed time spent in this place.
 B = Non-inter-level travel time spent in this place.
 C = Inter-level travel time spent in this place.
 D = Time resting spent in this place.
 E = Time spent auto-exploring this place.
 F = Levels seen in this place.
 G = Mean time per level.
                   A        B        C        D        E       F      G
               +--------+--------+--------+--------+--------+-----+--------+
         Total |   5695 |   5384 |    311 |    892 |   3364 |   4 | 1423.8 |
       Dungeon |   5695 |   5384 |    311 |    892 |   3364 |   4 | 1423.8 |
               +--------+--------+--------+--------+--------+-----+--------+

Top non-repeatable levels by time:
     D:2: 2267 daAuts
     D:3: 1960 daAuts
     D:1: 1203 daAuts
     D:4: 264 daAuts
